 Dungeon Crawl Stone Soup version 0.17-a0-1046-ga09e34d (webtiles) character file.

9935 namelastname112 the Cleaver (level 11, -11/148 HPs)
             Began as a Green Draconian Berserker on May 15, 2015.
             Was a High Priest of Trog.
             Mangled by Fannar
             ... wielding a +0 quarterstaff of freezing
              (14 damage)
             ... on level 10 of the Dungeon.
             The game lasted 00:20:43 (11604 turns).

namelastname112 the Cleaver (DrBe)                 Turns: 11604, Time: 00:20:43

Health: -11/148    AC: 10    Str: 24    XL:     11   Next: 29%
Magic:  3/3        EV: 17    Int:  7    God:    Trog [*****.]
Gold:   705        SH:  0    Dex: 15    Spells: 0 memorised, 10 levels left

rFire  . . .     SeeInvis .     S - +2 battleaxe (antimagic)
rCold  . . .     Clarity  .     (armour unavailable)
rNeg   . . .     SustAb   .     (no shield)
rPois  +         Gourm    .     (helmet restricted)
rElec  .         Spirit   .     (no cloak)
rCorr  .         Warding  .     C - +1 pair of gloves
rMut   .         Stasis   .     p - +0 pair of boots
MR     .....                    (no amulet)
Stlth  ..........               (no ring)
                                m - ring of flight

@: berserking, very quick, not resistant to hostile enchantments, extremely
unstealthy
A: breathe noxious fumes, unfitting armour, poison resistance, cold-blooded, AC
+7
a: Breathe Noxious Fumes, Burn Spellbooks, Berserk, Trog's Hand, Brothers in
Arms, Renounce Religion, Evoke Flight


You were on level 10 of the Dungeon.
You worshipped Trog.
Trog was extremely pleased with you.
You were hungry.

You visited 1 branch of the dungeon, and saw 11 of its levels.

You collected 705 gold pieces.

Inventory:

Hand weapons
 r - a +2 hand axe of freezing
 y - the cursed +0 falchion "Roecwiu" {slice, rN++, unknown}
   (You took it off a crimson imp on level 9 of the Dungeon)

   It inflicts extra damage upon your enemies.
   It greatly protects you from negative energy.
   It has a curse placed upon it.
 P - the +3 dagger "Tankuc" {pierce, rElec}
   (You found it on level 9 of the Dungeon)

   It inflicts extra damage upon your enemies.
   It insulates you from electricity.
 S - a +2 antimagic battleaxe (weapon)
 T - a +0 blowgun
Missiles
 Q - 3 needles of paralysis
 U - 31 poisoned needles
Armour
 p - a +0 pair of boots (worn)
 C - a +1 pair of gloves (worn)
Jewellery
 d - an uncursed ring of ice
 l - an uncursed amulet of stasis
 m - a ring of flight (left hand)
Magical devices
 i - a wand of paralysis (9)
 s - a wand of flame (22)
 z - a wand of digging (3)
 G - a wand of confusion (28)
 J - a wand of digging (5)
 K - a wand of slowing (22)
 N - a wand of disintegration (16)
 R - a wand of random effects (48)
Scrolls
 f - 2 scrolls of magic mapping
 k - 3 scrolls of amnesia
 v - 3 scrolls of remove curse
 D - a scroll of torment {unknown}
 E - 3 scrolls of enchant weapon
 F - a scroll of blinking
Potions
 c - a potion of flight
 e - 2 potions of haste
 g - 3 potions of heal wounds
 h - 4 potions of curing
 j - a potion of cancellation {unknown}
 n - 3 potions of ambrosia
 o - 3 potions of might
 q - 2 potions of poison {unknown}
 t - 4 potions of lignification {unknown}
 u - a potion of magic {unknown}
 w - a potion of resistance {unknown}
 A - a potion of cure mutation {unknown}
 B - a potion of berserk rage {unknown}
 H - a potion of brilliance {unknown}
 M - a potion of mutation {unknown}
 O - a potion of agility {unknown}
Comestibles
 a - 5 fruits
 b - 10 bread rations
 x - 3 royal jellies
 I - 2 beef jerkies
 L - 4 meat rations


   Skills:
 + Level 9.7 Fighting
 * Level 11.9 Axes
 * Level 6.1 Throwing
 + Level 8.0 Dodging


You had 10 spell levels left.
You didn't know any spells.

Dungeon Overview and Level Annotations

Branches:
Dungeon (11/15)            Temple (0/1) D:7
   Lair: D:8-11         Orc: D:9-12

Altars:
Cheibriados
Dithmenos
Elyvilon
Makhleb
Okawaru
Sif Muna
Trog
Xom
Yredelemnul
Zin
The Shining One

Shops:
D:4 [   D:10 ??

Annotations:
D:10 Fannar
D:11 Nergalle


Innate Abilities, Weirdness & Mutations

You can breathe blasts of noxious fumes.
Your lurid green scales are hard (AC +7).
Your body does not fit into most forms of armour.
Your system is resistant to poisons.
You are cold-blooded and may be slowed by cold attacks.


Message History

* * * LOW HITPOINT WARNING * * *
You are too berserk!
You slash Fannar!
Fannar's magic leaks into the air.
Your tail-slap misses Fannar.
Fannar is almost dead.
You slash the ice beast!
You feel the power of Trog in you as your rage grows.
You kill the ice beast!
Unknown command.
You hit Fannar but do no damage.
Fannar is almost dead.
Fannar hits you with a quarterstaff of freezing.
* * * LOW HITPOINT WARNING * * *
Fannar freezes you.
* * * LOW HITPOINT WARNING * * *
Unknown command.
You closely miss Fannar.
Fannar is almost dead.
Fannar hits you with a quarterstaff of freezing!
You die...

#.....#.....................###..
#.....#..........................
#.....#..........................
#.....#.########..............###
#.....#.#......#..............#
(.....#.#......#..............#
...(..#.#.....[#>.##'##.......#
...(..#.#......#..#...#.......###
...(..#.#......#@.#...#..........
...8.?#.#......#e.#.<.#...##'####
........'......#..#...#...#......
.8.∩.8..#..†...#..#...#...#......
###.#+#.#......#..+...#...#......
...8....#......#..#...#...#......
...[))..#......#..#...#...#......
........########..#####...#......
..........................#######


You could see Fannar.

Vanquished Creatures
  The ghost of namelastname112 the Basher, an experienced DrBe of Trog (D:9)
  An unseen horror (D:9)
  Pikel (D:4)
  The ghost of namelastname112 the Cleaver, an experienced DrBe of Trog (D:7)
  2 hill giants (D:10)
  A cyclops (D:9)
  Psyche (D:9)
  A two-headed ogre (D:8)
  2 trolls
  Grinder (D:5)
  Edmund (D:4)
  11 yaks
  Sigmund (D:2)
  2 hungry ghosts (D:9)
  The ghost of Charly the Ruffian, an average DrTm of Cheibriados (D:4)
  3 phantoms
  2 black bears
  2 orc warriors
  A slave (D:4)
  A wasp (D:7)
  An ice beast (D:10)
  A sky beast (D:5)
  A necrophage (D:10)
  3 ogres
  4 centaurs
  Blork the orc (D:4)
  3 giant frogs
  3 scorpions
  A spriggan skeleton (D:9)
  A giant frog zombie (D:7)
  2 crimson imps
  2 quasits
  5 orc priests
  A giant frog skeleton (D:9)
  3 jellies
  5 orc wizards
  An iguana (D:4)
  3 worker ants
  4 centaur skeletons
  4 hounds
  4 sheep (D:9)
  2 hound zombies
  2 worker ant zombies
  4 shadow imps
  9 adders
  12 gnolls
  2 oozes
  An adder skeleton (D:9)
  A worm (D:3)
  8 giant geckos
  62 orcs
  2 ball pythons
  11 bats
  A bat skeleton (D:8)
  7 giant cockroaches
  14 hobgoblins
  7 quokkas
  A giant gecko skeleton (D:7)
  3 giant newts
  18 goblins
  12 jackals
  18 kobolds
  20 rats
  A spectral orc (D:3)
308 creatures vanquished.

Vanquished Creatures (others)
  A slave (D:4)
  2 orcs (D:4)
  A bat (D:4)
  A goblin (D:4)
5 creatures vanquished.

Grand Total: 313 creatures vanquished

Notes
Turn   | Place    | Note
--------------------------------------------------------------
     0 | D:1      | namelastname112 the Draconian Berserker began the quest for the Orb.
     0 | D:1      | Reached XP level 1. HP: 19/19 MP: 1/1
   254 | D:1      | Reached XP level 2. HP: 19/26 MP: 2/2
   420 | D:1      | Acquired Trog's second power
   477 | D:1      | Reached XP level 3. HP: 15/31 MP: 3/3
  1345 | D:2      | Noticed Sigmund
  1352 | D:2      | Killed Sigmund
  1352 | D:2      | Reached skill level 4 in Fighting
  1352 | D:2      | Reached XP level 4. HP: 41/41 MP: 4/4
  1352 | D:2      | Reached XP level 5. HP: 47/47 MP: 5/5
  1463 | D:2      | Reached skill level 5 in Axes
  1603 | D:2      | Reached XP level 6. HP: 53/53 MP: 6/6
  2032 | D:3      | Found a basalt altar of Yredelemnul.
  2295 | D:3      | Acquired Trog's third power
  2489 | D:4      | Noticed Pikel
  2499 | D:4      | Killed Pikel
  2499 | D:4      | Reached skill level 5 in Fighting
  2499 | D:4      | Reached skill level 6 in Axes
  2499 | D:4      | Your scales start taking on a lurid green colour.
  2499 | D:4      | Gained mutation: Your system is resistant to poisons. [Green Draconian growth]
  2499 | D:4      | Reached XP level 7. HP: 8/62 MP: 7/7
  2812 | D:4      | Noticed Edmund
  2821 | D:4      | Killed Edmund
  2821 | D:4      | Reached skill level 7 in Axes
  2877 | D:4      | Noticed Blork the orc
  2878 | D:4      | Noticed Charly's ghost (average DrTm)
  2885 | D:4      | Killed Blork the orc
  2897 | D:4      | Killed Charly's ghost
  2897 | D:4      | Reached skill level 5 in Dodging
  2897 | D:4      | Reached XP level 8. HP: 70/70 MP: 8/8
  3154 | D:4      | Found Juogunuu's Antique Armour Shoppe.
  3340 | D:4      | Found a snail-covered altar of Cheibriados.
  3438 | D:4      | Found a burning altar of Makhleb.
  3933 | D:5      | Entered Level 5 of the Dungeon
  4227 | D:5      | Reached skill level 8 in Axes
  4335 | D:5      | Noticed Grinder
  4359 | D:5      | Killed Grinder
  5090 | D:6      | Found a deep blue altar of Sif Muna.
  5292 | D:6      | Reached skill level 9 in Axes
  5292 | D:6      | Reached XP level 9. HP: 79/79 MP: 9/9
  5346 | D:6      | Found a shadowy altar of Dithmenos.
  5956 | D:6      | Found a shimmering altar of Xom.
  6119 | D:7      | Noticed namelastname112's ghost (experienced DrBe)
  6235 | D:7      | Killed namelastname112's ghost
  6530 | D:7      | Found an iron altar of Okawaru.
  6971 | D:7      | Reached skill level 10 in Axes
  6971 | D:7      | Reached skill level 1 in Throwing
  7170 | D:7      | Found a staircase to the Ecumenical Temple.
  7510 | D:8      | Reached XP level 10. HP: 80/90 MP: 10/10
  7562 | D:8      | Found a white marble altar of Elyvilon.
  7562 | D:8      | Found a glowing golden altar of the Shining One.
  7563 | D:8      | Found a glowing silver altar of Zin.
  7724 | D:8      | Found a bloodstained altar of Trog.
  7826 | D:9      | Got a dazzling dagger
  7827 | D:9      | Identified the +3 dagger "Tankuc" {pierce, rElec} (You found it on level 9 of the Dungeon)
  7871 | D:9      | Received a gift from Trog
  8104 | D:9      | Noticed a cyclops
  8115 | D:9      | Killed a cyclops
  8172 | D:9      | Reached skill level 11 in Axes
  8404 | D:9      | Noticed namelastname112's ghost (experienced DrBe)
  8750 | D:9      | Killed namelastname112's ghost
  8828 | D:9      | Noticed Psyche
  8833 | D:9      | Killed Psyche
  8833 | D:9      | Reached skill level 5 in Throwing
  9021 | D:9      | Found a runed door.
  9193 | D:9      | Killed an unseen horror
  9193 | D:9      | Reached XP level 11. HP: 52/97 MP: 11/11
  9577 | D:9      | Got a smoking falchion
  9613 | D:10     | Entered Level 10 of the Dungeon
  9761 | D:10     | Found Zapheleo's Magic Scroll Emporium.
 10144 | D:10     | Received a gift from Trog
 11146 | D:10     | Found Ompidodgh's Magic Scroll Shoppe.
 11149 | D:10     | Noticed a hill giant
 11156 | D:10     | Killed a hill giant
 11159 | D:10     | Received a gift from Trog
 11228 | D:10     | Noticed a hill giant
 11234 | D:10     | Killed a hill giant
 11493 | D:11     | Noticed Nergalle
 11498 | D:11     | Noticed Fannar
 11603 | D:10     | HP: 6/148 [Fannar/quarterstaff of freezing (6)]
 11604 | D:10     | Mangled by Fannar

Vault maps used:
D:1:      dpeg_arrival_rooms_a
D:2:      guppyfry_early_orc_mine, uniq_sigmund
D:3:      yredelemnul_forgotten_temple_becter, st_stairs_1
D:4:      kennysheep_mini_moat, kennysheep_mini, serial_shops,
          nicolae_shop_stone, corexii_leaking_fountain, uniq_pikel,
          uniq_blork_the_orc, uniq_edmund
D:5:      first_bread, uniq_grinder
D:6:      lemuel_crystal_altar, lemuel_doored_altar,
          lemuel_coloured_pillars_altar, nrook_mini_backslash,
          due_unseen_surprise
D:7:      okawaru_altar_gauntlet_db, temple_green
D:8:      good_gods_temple_1, bloody_trog
D:9:      hangedman_tell_no_tales, lightli_orcish_oven, uniq_psyche
D:10:     serial_shops, nicolae_shop_statue_plus, nicolae_shop_trees
D:11:     erik_lair_orcish_takeover, david_orc_4, minmay_protected_statue,
          uniq_fannar, uniq_nergalle

Action                   |  1- 3 |  4- 6 |  7- 9 | 10-12 || total
-------------------------+-------+-------+-------+-------++-------
Melee: Hand axe          |   105 |   140 |   413 |   307 ||   965
       Battleaxe         |       |       |       |    52 ||    52
Invok: Berserk           |     2 |     3 |     3 |     8 ||    16
       Burn Spellbooks   |       |     1 |       |       ||     1
       Trog's Hand       |       |       |     1 |     1 ||     2
 Abil: Breathe Noxious F |       |       |     6 |     7 ||    13
       Evoke Flight      |       |       |     2 |       ||     2
Evoke: Wand              |       |       |     1 |       ||     1
  Use: Scroll            |       |       |       |    19 ||    19
 Stab: Sleeping          |       |     1 |     2 |       ||     3
       Confused          |       |       |     6 |     2 ||     8
       Distracted        |       |       |       |     1 ||     1
  Eat: Chunk             |     2 |     7 |    16 |    16 ||    41
       Meat ration       |       |       |     1 |     1 ||     2
       Fruit             |       |       |     1 |       ||     1
       Royal jelly       |       |       |       |     1 ||     1
